 Dungeon Crawl Stone Soup version 0.24-a0-500-g46574c2197 (webtiles) character file.

Game seed: 8110270835334996775

251 KristoblXynda the Slasher (level 5, 0/47 HPs)
             Began as a Draconian Monk on July 15, 2019.
             Killed by divine providence
             ... invoked by an orc priest
              (12 damage)
             ... on level 3 of the Dungeon.
             The game lasted 00:04:54 (2954 turns).

KristoblXynda the Slasher (Draconian Monk)          Turns: 2954, Time: 00:04:55

Health: 0/47       AC:  6    Str: 13    XL:     5   Next: 88%
Magic:  5/5        EV: 14    Int: 12    God:
Gold:   49         SH:  0    Dex: 13    Spells: 4/4 levels left

rFire    . . .     SeeInvis .   a - +0 falchion
rCold    . . .     Gourm    .   (no shield)
rNeg     . . .     Faith    .   (armour unavailable)
rPois    .         Spirit   .   (helmet restricted)
rElec    .         Reflect  .   (no cloak)
rCorr    .         Harm     .   c - +0 pair of gloves
MR       .....                  (no boots)
Stlth    ++........             (no amulet)
HPRegen  0.15/turn              (no ring)
MPRegen  0.09/turn              (no ring)

@: lethally poisoned (0 -> -4)
A: unfitting armour, cold-blooded, AC +5
a: no special abilities


You were on level 3 of the Dungeon.
You were not hungry.

You visited 1 branch of the dungeon, and saw 3 of its levels.

You collected 49 gold pieces.

Inventory:

Hand Weapons
 a - a +0 falchion (weapon)
Armour
 c - a +0 pair of gloves (worn)
 h - a +2 hat
Wands
 g - a wand of random effects (8)
Scrolls
 d - 2 scrolls of remove curse
Potions
 e - a potion of flight
Comestibles
 b - 5 rations
 f - 2 chunks of flesh


   Skills:
 + Level 4.5 Fighting
 * Level 5.2 Long Blades
 + Level 3.8 Dodging
 - Level 1.7 Stealth


You had 4 spell levels left.
You didn't know any spells.
Your spell library was empty.

Dungeon Overview and Level Annotations

Branches:
Dungeon (3/15)

Altars:
Hepliaklqana


Innate Abilities, Weirdness & Mutations

Your plain brown scales are hard. (AC +5)
You cannot fit into any form of body armour.
You are cold-blooded and may be slowed by cold attacks.


Message History

The orc priest looks satisfied for a moment.
The adder bites you.
* * * LOW HITPOINT WARNING * * *
You are more poisoned.
The adder poisons you!
You feel sick. The orc wizard casts a spell at you.
You resist with some effort.
The orc priest mumbles some strange prayers to Beogh against you.
You barely resist. The adder barely misses you.
You feel sick. The adder barely misses you. The adder barely misses you.
You feel sick.
You feel sick.
The orc wizard mumbles some strange words.
The orc wizard blinks!
The adder closely misses you.
You see here a goblin skeleton.
The orc priest invokes the aid of Beogh against you.
Beogh smites you!
You die...

...............†.
..........).###..
#........###... .....###
#........###...
..#>....#####.............#
....[......................
......###.##...o.......###.
......###..÷So............#
..........@#..............#
.#!....))).................
.......<.).................
.#............[.........#.#
##.............####.......
#......_.................
[.............#######.....
.................
.......###.######


You could see 2 orc priests and an adder.

Vanquished Creatures
  2 orc priests
  Ijyb (D:2)
  An orc wizard (D:2)
  4 adders
  2 gnolls (D:2)
  2 oozes (D:2)
  2 worms (D:2)
  4 dart slugs
  8 orcs
  9 bats
  3 giant cockroaches
  6 goblins
  5 hobgoblins
  A quokka (D:3)
  4 frilled lizards
  9 kobolds
  6 rats
69 creatures vanquished.

Vanquished Creatures (others)
  10 plants (D:2)
10 creatures vanquished.

Grand Total: 79 creatures vanquished

Notes
Turn   | Place    | Note
-------+----------+-------------------------------------------
     0 | D:1      | KristoblXynda the Draconian Monk began the quest for the
                  | Orb.
     0 | D:1      | Reached XP level 1. HP: 19/19 MP: 1/1
   233 | D:1      | Reached XP level 2. HP: 23/26 MP: 2/2
   967 | D:1      | Reached XP level 3. HP: 32/33 MP: 3/3
  1413 | D:2      | Reached skill level 4 in Long Blades
  1573 | D:2      | Reached XP level 4. HP: 40/40 MP: 4/4
  1731 | D:3      | Noticed Ijyb
  1768 | D:2      | Killed Ijyb
  1910 | D:3      | Found a hazy altar of Hepliaklqana.
  2043 | D:2      | Reached XP level 5. HP: 31/46 MP: 5/5
  2398 | D:2      | HP: 1/47 [gnoll/+0 club (8)]
  2821 | D:3      | Reached skill level 5 in Long Blades
  2954 | D:3      | Killed from afar by an orc priest

Levels and vault maps discovered:
D:1:      eino_arrival_cavern_b, layout_basic, serial_corexii_hall,
          corexii_hall_statues_l, chequers_hall_statues_y, eino_curves_02,
          minmay_domino_2
D:2:      layout_basic, minmay_misc_feat_columns, serial_bayou_pond_c,
          kennysheep_generic_room_5
D:3:      layout_rooms, overflow_temple_1_default,
          nicolae_overflow_crystal_walls, first_ration, uniq_ijyb

Skill      XL: |  1  2  3  4  5 |
---------------+----------------+-----
Dodging        | 3 |  3.8
Long Blades    | 4 5 |  5.2
Fighting       | 4 |  4.5
Stealth        | |  1.7

Action                   |  1- 3 |  4- 6 || total
-------------------------+-------+-------++-------
Melee: Falchion          |   105 |   139 ||   244
       Tailslap          |     8 |    23 ||    31
Evoke: Wand              |       |    11 ||    11
  Use: Scroll            |     3 |     1 ||     4
       Potion            |       |     2 ||     2
 Stab: Sleeping          |     3 |       ||     3
  Eat: Chunk             |     2 |     5 ||     7
Armor: Skin              |    48 |    59 ||   107
Dodge: Dodged            |   109 |   122 ||   231
       Rpst.: Falchion   |    33 |    45 ||    78

Table legend:
 A = Non-vault XP
 B = Vault XP
 C = Vault XP percentage of total XP
 D = Non-vault monster count
 E = Vault monster count
 F = Vault count percentage of total count
                 A         B        C        D         E       F
            +---------+---------+-------+---------+---------+-------
      Total |     321 |      38 |  10.6 |      66 |       3 |   4.3
            +---------+---------+-------+---------+---------+-------
        D:1 |      40 |       1 |   2.4 |      21 |       1 |   4.5
        D:2 |     207 |      37 |  15.2 |      33 |       2 |   5.7
        D:3 |      74 |       0 |   0.0 |      12 |       0 |   0.0
            +---------+---------+-------+---------+---------+-------
